 Dungeon Crawl Stone Soup version 0.26-a0-259-g1effd001a9 (webtiles) character file.

Game seed: 4358333237081433565

16 HoaS the Ruffian (level 2, 0/18 HPs)
             Began as a Gargoyle Gladiator on July 18, 2020.
             Slain by a goblin
             ... wielding a +0 club
              (2 damage)
             ... on level 2 of the Dungeon.
             The game lasted 00:02:55 (727 turns).

HoaS the Ruffian (Gargoyle Gladiator)                Turns: 727, Time: 00:02:55

Health: 0/18       AC:  8    Str: 17    XL:     2   Next: 58%
Magic:  2/2        EV: 11    Int:  8    God:
Gold:   34         SH:  0    Dex: 11    Spells: 1/1 levels left

rFire    . . .     SeeInvis .     - Unarmed
rCold    . . .     Faith    .   (no shield)
rNeg     + . .     Spirit   .   e - +0 ring mail
rPois    ∞         Reflect  .   b - +0 helmet
rElec    +         Harm     .   (no cloak)
rCorr    .                      (no gloves)
MR       .....                  (no boots)
Stlth    +.........             (no amulet)
HPRegen  0.06/turn              (no ring)
MPRegen  0.08/turn              (no ring)

@: no status effects
A: negative energy resistance 1, electricity resistance, unbreathing,
petrification resistance, rot immunity, AC +2
a: no special abilities


You were on level 2 of the Dungeon.
You were not hungry.

You visited 1 branch of the dungeon, and saw 2 of its levels.

You collected 34 gold pieces.

Inventory:

Missiles
 c - 3 throwing nets (quivered)
 h - 11 poisoned darts
Armour
 b - a +0 helmet (worn)
 e - a +0 ring mail (worn)
Jewellery
 i - an uncursed ring of stealth {unknown}
Scrolls
 f - 2 scrolls of identify
Potions
 a - 2 potions of degeneration {unknown}
 g - a potion of haste
Comestibles
 d - 4 rations


   Skills:
 - Level 2.5 Fighting
 - Level 1.7 Throwing
 - Level 2.4 Dodging
 * Level 3.6 Unarmed Combat


You had one spell level left.
You didn't know any spells.
Your spell library was empty.

Dungeon Overview and Level Annotations

Branches:
Dungeon (2/15)

Altars:


Innate Abilities, Weirdness & Mutations

You are resistant to torment.
Your stone body is resilient. (AC +2)
You are immune to poison.
You resist negative energy. (rN+)
You are resistant to electric shocks. (rElec)
You can survive without breathing.
You are immune to petrification.
You are immune to rotting.


Message History

You hit the worm.
The worm is severely wounded.
The worm bites you.
* * * LOW HITPOINT WARNING * * *
Throwing (i - inventory. (/) - cycle)
c - 4 throwing nets (quivered)
Press: ? - help, Shift-Dir - straight line, f - worm
Aim: a worm (severely wounded)
You throw a throwing net. The throwing net hits the worm.
The worm is caught in the net!
The worm is severely wounded.
You hit the worm.
The worm is severely wounded.
The worm struggles against the net.
You hit the worm.
The worm is almost dead.
The goblin barely misses you.
The worm struggles against the net.
You hit the worm.
You kill the worm!
The goblin hits you with a +0 club.
You die...

# #########
#.#<.......
#..@g...###
#..(.......
#.......###
#.......#
#.......#
........#
.........#
.......####


You could see a goblin.

Vanquished Creatures
  A worm (D:2)
  4 bats (D:1)
  A giant cockroach (D:1)
  A goblin (D:1)
  A hobgoblin (D:1)
  2 kobolds (D:1)
  2 frilled lizards (D:1)
  A rat (D:1)
13 creatures vanquished.

Notes
Turn   | Place    | Note
-------+----------+-------------------------------------------
     0 | D:1      | HoaS the Gargoyle Gladiator began the quest for the Orb.
     0 | D:1      | Reached XP level 1. HP: 12/12 MP: 1/1
   221 | D:1      | Reached XP level 2. HP: 18/18 MP: 2/2
   727 | D:2      | Slain by a goblin

Illustrated notes

Levels and vault maps discovered:
D:1:      tarquinn_simple_flora_water_c, layout_loops_ring
D:2:      layout_basic, mrwooster_statue_mirror

Action                   || total
-------------------------++-------
Melee: Unarmed           ||    50
       Punch             ||     2
Throw: Throwing net      ||     1
  Use: Scroll            ||     3
Armor: Leather armour    ||    11
       Ring mail         ||    12
Dodge: Dodged            ||    35

Table legend:
 A = Non-vault XP
 B = Vault XP
 C = Vault XP percentage of total XP
 D = Non-vault monster count
 E = Vault monster count
 F = Vault count percentage of total count
                 A         B        C        D         E       F
            +---------+---------+-------+---------+---------+-------
      Total |      24 |       0 |   0.0 |      13 |       0 |   0.0
            +---------+---------+-------+---------+---------+-------
        D:1 |      19 |       0 |   0.0 |      12 |       0 |   0.0
        D:2 |       5 |       0 |   0.0 |       1 |       0 |   0.0
            +---------+---------+-------+---------+---------+-------
